 Dungeon Crawl Stone Soup version 0.23-a0-301-g9da9e51 (webtiles) character file.

124 vierth the Sneak (level 4, -1/21 HPs)
             Began as a Spriggan Enchanter on Oct 7, 2018.
             Slain by an orc priest
             ... wielding a +1 hand axe of chopping
              (3 damage)
             ... on level 3 of the Dungeon.
             The game lasted 00:05:27 (2705 turns).

vierth the Sneak (Spriggan Enchanter)               Turns: 2705, Time: 00:05:28

Health: -1/21      AC:  2    Str:  4    XL:     4   Next: 81%
Magic:  2/10       EV: 18    Int: 17    God:
Gold:   126        SH:  0    Dex: 16    Spells: 7/10 levels left

rFire    . . .     SeeInvis +   a - +1 dagger
rCold    . . .     Gourm    .   (shield restricted)
rNeg     . . .     Faith    .   b - +0 robe
rPois    .         Spirit   .   (helmet restricted)
rElec    .         Reflect  .   (no cloak)
rCorr    .         Harm     .   (gloves unavailable)
MR       .....                  (boots unavailable)
Stlth    +++.......             (no amulet)
HPRegen  0.07/turn              (no ring)
MPRegen  0.12/turn              (no ring)

@: very quick
A: very small, unfitting armour, see invisible, herbivore, speed 3, slow
metabolism 2
a: no special abilities


You were on level 3 of the Dungeon.
You were not hungry.

You visited 1 branch of the dungeon, and saw 3 of its levels.

You collected 126 gold pieces.

Inventory:

Hand Weapons
 a - a +1 dagger (weapon)
Armour
 b - a +0 robe (worn)
Scrolls
 e - a scroll of fear {unknown}
 g - a scroll of blinking {unknown}
 h - 3 scrolls of remove curse {unknown}
Potions
 c - a potion of degeneration {unknown}
 f - 2 potions of flight
 i - a potion of magic
 k - a potion of might
 l - 2 potions of brilliance
Comestibles
 d - 6 rations


   Skills:
 * Level 3.3 Short Blades
 - Level 3.0 Dodging
 + Level 5.5 Stealth
 + Level 3.6 Spellcasting
 + Level 4.4 Hexes


You had 7 spell levels left.
You knew the following spells:

 Your Spells              Type           Power        Failure   Level  Hunger
a - Corona                Hex            ###....      2%          1    None
b - Ensorcelled Hibernat  Hex/Ice        ##....       10%         2    ##.....

Your spell library contained the following spells:

 Spells                   Type           Power        Failure   Level  Hunger
 Confuse                  Hex            ###.....     9%          3    ###....
 Tukima's Dance           Hex            ###.....     9%          3    ###....
 Dazzling Spray           Conj/Hex       ##....       21%         3    ###....


Dungeon Overview and Level Annotations

Branches:
Dungeon (3/15)

Altars:
Hepliaklqana


Innate Abilities, Weirdness & Mutations

You are very small and have problems with some larger weapons.
You are too small for most types of armour.
You have supernaturally acute eyesight. (SInv)
You are a herbivore.
You cover ground extremely quickly.
You need to consume almost no food.


Message History

Press: ? - help, Shift-Dir - straight line, f/p - orc priest
Aim: an orc priest, wielding a hand axe of chopping and wearing a leather The orc priest looks drowsy...
You are too injured to fight recklessly!
You are too injured to fight recklessly!
The orc hits you with a club.
The orc priest shouts!
You closely miss the orc priest. You hit the orc priest.
The orc priest is lightly wounded.
The orc priest hits you with a hand axe of chopping.
* * * LOW HITPOINT WARNING * * *
x2 The orc misses you.
You closely miss the orc priest.
The orc priest is lightly wounded.
The orc priest barely misses you. The orc closely misses you.
You closely miss the orc priest.
The orc priest is lightly wounded.
The orc priest hits you with a hand axe of chopping.
You die...

# ########## ..
##########.(......###.##
........(...............
##########..)......##...
..oo)o.# #.........#
..o.##.###.........#
.ogS##..##.......o.#
....###o##......@o.#
...l# #.##########.#
.[.)# #.## #.# .%..#
#..# #.# ....# ##.# #o#
....# #.## #.# ....#
#..# #o# ....# ##.## #.#
###### #o.# #.#


You could see an orc priest and an orc.

Vanquished Creatures
  An orc priest (D:3)
  Natasha (D:2)
  2 adders (D:3)
  3 worms
  3 orcs (D:3)
  2 ball pythons
  4 giant cockroaches
  10 goblins
  3 hobgoblins
  2 quokkas (D:3)
  2 bats
  A frilled lizard (D:1)
  4 kobolds
  4 rats
42 creatures vanquished.

Notes
Turn   | Place    | Note
-------+----------+-------------------------------------------
     0 | D:1      | vierth the Spriggan Enchanter began the quest for the Orb.
     0 | D:1      | Reached XP level 1. HP: 9/9 MP: 5/5
   304 | D:1      | Reached XP level 2. HP: 13/13 MP: 6/6
   308 | D:1      | Learned a level 2 spell: Ensorcelled Hibernation
  1440 | D:2      | Noticed Natasha
  1446 | D:2      | Killed Natasha
  1446 | D:2      | Reached skill level 5 in Stealth
  1446 | D:2      | Reached XP level 3. HP: 16/16 MP: 5/8
  1474 | D:2      | Found a hazy altar of Hepliaklqana.
  1625 | D:3      | Reached XP level 4. HP: 21/21 MP: 10/10
  1719 | D:3      | HP: 1/21 [poisoned by an adder]
  2705 | D:3      | Slain by an orc priest

Vault maps used:
D:1:      lemuel_arrival_hallway
D:2:      lemuel_coloured_pillars_altar, minmay_cut_off, uniq_natasha
D:3:      first_ration

Skill      XL: |  1  2  3  4 |
---------------+-------------+-----
Spellcasting   | 3 |  3.6
Short Blades   | 2 3 |  3.3
Hexes          | 4 |  4.4
Stealth        | 5 |  5.5
Dodging        | |  3.0

Action                   |  1- 3 |  4- 6 || total
-------------------------+-------+-------++-------
Melee: Dagger            |    76 |    83 ||   159
 Cast: Ensorcelled Hiber |     5 |    13 ||    18
  Use: Scroll            |     2 |     3 ||     5
 Stab: Sleeping          |    13 |     6 ||    19
  Eat: Ration            |       |     1 ||     1
Armor: Robe              |     7 |     8 ||    15
Dodge: Dodged            |    43 |    65 ||   108

Table legend:
 A = Non-vault XP
 B = Vault XP
 C = Vault XP percentage of total XP
 D = Non-vault monster count
 E = Vault monster count
 F = Vault count percentage of total count
                 A         B        C        D         E       F
            +---------+---------+-------+---------+---------+-------
      Total |     139 |      39 |  21.9 |      38 |       4 |   9.5
            +---------+---------+-------+---------+---------+-------
        D:1 |      22 |       0 |   0.0 |      14 |       0 |   0.0
        D:2 |      15 |      39 |  72.2 |       5 |       4 |  44.4
        D:3 |     102 |       0 |   0.0 |      19 |       0 |   0.0
            +---------+---------+-------+---------+---------+-------
